 Dungeon Crawl Stone Soup version 0.29-a0-356-g7bc237e783 (webtiles) character file.

Game seed: 15391347555554886241

2978 Zeldest the Ruffian (level 9, -2/89 HPs)
             Began as a Troll Warper on Apr 25, 2022.
             Was an Elder of Ignis.
             Succumbed to a cane toad's poison
             ... on level 1 of the Lair of Beasts.
             The game lasted 00:22:19 (3756 turns).

Zeldest the Ruffian (Troll Warper)                  Turns: 3756, Time: 00:22:20

Health: -2/89      AC:  8    Str: 27    XL:     9   Next: 53%
Magic:  9/9        EV:  9    Int: 13    God:    Ignis [****..]
Gold:   228        SH:  5    Dex:  9    Spells: 7/10 levels left

rFire   + . .      SeeInvis .     - Unarmed
rCold   . . .      Faith    .   (no shield)
rNeg    . . .      Spirit   .   C - +0 steam dragon scales
rPois   .          Reflect  +   (helmet restricted)
rElec   +          Harm     .   E - +0 cloak
rCorr   .          Rampage  .   (gloves unavailable)
Will    .....                   (boots unavailable)
Stlth   +.........              s - amulet of reflection
HPRegen 1.04/turn               x - ring of Mecal {Fly rElec}
MPRegen 0.11/turn               a - +6 ring of strength

@: lethally poisoned (-2 -> -14), flying
A: large, unfitting armour, claws 3, regeneration 1, shaggy fur 1, tough skin 1
a: Renounce Religion, Fiery Armour, Foxfire Swarm, Rising Flame


You were on level 1 of the Lair of Beasts.
You worshipped Ignis.
Ignis was greatly pleased with you.
You visited 3 branches of the dungeon, and saw 10 of its levels.

You collected 228 gold pieces.

Inventory:

Missiles
 c - 7 boomerangs of dispersal (quivered)
 D - 2 throwing nets
 F - a boomerang
Armour
 C - +0 steam dragon scales (worn)
 E - a +0 cloak (worn)
Magical Staves
 A - a staff of poison
Jewellery
 a - a +6 ring of strength (right claw)
 s - an amulet of reflection (around neck)
 x - the ring of Mecal (left claw) {Fly rElec}
   (You found it on level 5 of the Dungeon)

   [ring of flight]

   rElec:     It insulates you from electricity.
   Fly:       It grants you flight.
 B - a ring of ice
Wands
 o - a wand of iceblast (8)
 t - a wand of flame (18)
Scrolls
 b - 5 scrolls of blinking
 f - 3 scrolls of enchant weapon {unknown}
 g - 2 scrolls of vulnerability
 h - 3 scrolls of fog {unknown}
 i - 2 scrolls of teleportation {unknown}
 m - a scroll of torment {unknown}
 u - a scroll of magic mapping {unknown}
 v - 2 scrolls of summoning {unknown}
 y - 2 scrolls of noise {unknown}
Potions
 d - 2 potions of might
 j - a potion of flight
 k - 2 potions of haste
 l - a potion of berserk rage {unknown}
 n - 3 potions of brilliance
 p - 2 potions of mutation {unknown}
 q - a potion of ambrosia {unknown}
 r - 3 potions of resistance
 w - a potion of cancellation {unknown}
 z - a potion of lignification {unknown}


   Skills:
 + Level 5.9 Fighting
 - Level 0.8 Throwing
 - Level 1.9 Dodging
 + Level 7.4 Unarmed Combat
 - Level 1.2 Spellcasting
 - Level 3.5 Translocations
 + Level 4.1 Transmutations
 + Level 5.0 Earth Magic


You had 7 spell levels left.
You knew the following spells:

 Your Spells              Type           Power      Damage    Failure   Level
a - Apportation           Tloc           20%        N/A       6%          1
b - Blink                 Tloc           20%        N/A       10%         2

Your spell library contained the following spells:

 Spells                   Type           Power      Damage    Failure   Level
 Sandblast                Erth           26%        2d8       3%          1
 Passwall                 Tmut/Erth      10%        N/A       6%          2
 Gell's Gravitas          Tloc           10%        N/A       19%         3
 Lesser Beckoning         Tloc           10%        N/A       19%         3
 Teleport Other           Tloc           10%        N/A       19%         3
 Freeze                   Ice            0%         1d3       28%         1
 Stone Arrow              Conj/Erth      14%        3d7       30%         3
 Ignite Poison            Fire/Tmut/Pois 4%         N/A       43%         3
 Conjure Flame            Conj/Fire      0%         6-21      63%         3
 Dazzling Flash           Conj/Hex       0%         N/A       63%         3
 Frozen Ramparts          Ice            0%         1d2       63%         3
 Iskenderun's Mystic Bla  Conj/Tloc      5%         2d3       78%         4
 Manifold Assault         Tloc           10%        N/A       87%         5
 Hailstorm                Conj/Ice       0%         3d3       95%         4
 Olgreb's Toxic Radiance  Pois           0%         N/A       95%         4
 Sticky Flame             Conj/Fire      0%         2d3       95%         4
 Alistair's Intoxication  Tmut/Pois      4%         N/A       97%         5
 Starburst                Conj/Fire      0%         6d3       100%        6
 Malign Gateway           Summ/Tloc      2%         N/A       100%        7
 Ozocubu's Refrigeration  Ice            0%         4d5       100%        7
 Ignition                 Fire           0%         3d3       100%        8
 Summon Horrible Things   Summ           0%         N/A       100%        8


Dungeon Overview and Level Annotations

Branches:
Dungeon (8/15)             Temple (1/1) D:7            Lair (1/6) D:8

Altars:
Cheibriados
Elyvilon
Fedhas
Gozag
Hepliaklqana
Kikubaaqudgha
Makhleb
Nemelex Xobeh
Okawaru
Qazlal
Ru
Sif Muna
Uskayaw
Vehumet
Wu Jian
Xom
Yredelemnul
Zin
The Shining One
Ignis

Annotations:
D:7 2 transporters, Antichthon's ghost, novice NaWr


Innate Abilities, Weirdness & Mutations

You are too large for most types of armour.
You have claws for hands.
Your natural rate of healing is unusually fast.
You are covered in fur. (AC +1)
You have tough skin. (AC +1)


Message History

The komodo dragon bites you!!
* * * LOW HITPOINT WARNING * * *
The cane toad barely misses you.
You claw the komodo dragon!
You kill the komodo dragon!
Your Earth Magic skill increases to level 5!
Okay, then.
Aiming: Throw Flame
Press: ? - help, Shift-Dir - straight line, f - cane toad
Aim: a cane toad (72% to hit)
The puff of flame hits the cane toad.
The cane toad is lightly wounded.
The cane toad is engulfed in a cloud of scalding steam.
The cane toad stings you!
* * * LOW HITPOINT WARNING * * *
You are lethally poisoned!
The cane toad poisons you! The cane toad barely misses you.
You feel better.
The cane toad is engulfed in a cloud of scalding steam.
The cane toad closely misses you.
Okay, then.
You scratch the cane toad but do no damage.
The cane toad is heavily wounded.
The cane toad is engulfed in a cloud of scalding steam.
You block the cane toad's attack.
You scratch the cane toad.
The cane toad is severely wounded.
The cane toad stings you!
* * * LOW HITPOINT WARNING * * *
You are lethally poisoned!
The cane toad poisons you!
You barely miss the cane toad.
The cane toad is severely wounded.
* * * LOW HITPOINT WARNING * * *
You feel very sick.
A komodo dragon comes into view.
The cane toad closely misses you.
It was a potion of flight.
You feel more buoyant.
You die...

### . #####P####
..#........##
.....≈≈≈≈≈≈≈##
....≈≈≈≈≈≈≈≈.#
...≈≈≈≈≈≈≈≈≈≈###
..≈≈≈≈≈.≈≈≈≈≈#P###.
..≈≈≈≈.<@†≈≈≈......
..≈≈≈≈≈≈≈F≈≈.......
..≈≈≈≈≈≈≈≈≈≈≈..!...
....≈≈≈≈≈≈≈........
...≈.≈≈≈≈≈≈≈.....(.
......≈........l...
...................
############.#.####
####


You could see a komodo dragon (wandering) and a cane toad.

Vanquished Creatures
  Maurice (D:8)
  A troll (D:7)
  A komodo dragon (Lair:1)
  A yak (D:8)
  3 steam dragons
  3 orc warriors
  A sky beast (D:8)
  2 ogres
  A kobold brigand (D:7)
  A phantom (D:5)
  A bullfrog (D:7)
  4 scorpions
  A necrophage (D:6)
  2 gnoll sergeants
  2 hounds
  7 orc priests
  An iguana (D:7)
  A gnoll shaman (D:8)
  4 orc wizards
  12 gnolls
  6 adders
  2 white imps (D:7)
  16 orcs
  5 bats
  7 endoplasms
  9 goblins
  7 hobgoblins
  4 jackals
  12 kobolds
  A quokka (D:2)
  6 ball pythons
  A frilled lizard (D:1)
  6 rats
132 creatures vanquished.

Vanquished Creatures (others)
  A human (D:5)
  19 foxfires (D:7)
  15 fungi (D:8)
  18 plants (D:8)
53 creatures vanquished.

Grand Total: 185 creatures vanquished

Notes
Turn   | Place    | Note
-------+----------+-------------------------------------------
     0 | D:1      | Zeldest the Troll Warper began the quest for the Orb.
     0 | D:1      | Reached XP level 1. HP: 19/19 MP: 1/1
   168 | D:1      | Reached XP level 2. HP: 25/28 MP: 2/2
   441 | D:2      | Reached skill level 3 in Unarmed Combat
   441 | D:2      | Reached XP level 3. HP: 32/35 MP: 3/3
   564 | D:2      | Learned a level 2 spell: Blink
   566 | D:2      | Learned a level 1 spell: Apportation
   669 | D:2      | Found a faded altar of an unknown god.
  1279 | D:4      | Reached XP level 4. HP: 36/42 MP: 4/4
  1395 | D:4      | Reached XP level 5. HP: 50/50 MP: 5/5
  1441 | D:4      | Reached skill level 4 in Unarmed Combat
  1541 | D:4      | Reached XP level 6. HP: 58/61 MP: 6/6
  1679 | D:5      | Entered Level 5 of the Dungeon
  1930 | D:5      | Found a hide-covered altar of Uskayaw.
  1930 | D:5      | Found a hazy altar of Hepliaklqana.
  2237 | D:5      | Identified the ring of Mecal {Fly rElec}
  2281 | D:5      | Found an ancient bone altar of Kikubaaqudgha.
  2282 | D:5      | Noticed a human
  2284 | D:5      | Killed a human
  2402 | D:6      | Reached skill level 1 in Earth Magic
  2402 | D:6      | Reached XP level 7. HP: 19/68 MP: 7/7
  2433 | D:6      | Found a sacrificial altar of Ru.
  2463 | D:6      | Reached skill level 5 in Unarmed Combat
  2463 | D:6      | Reached skill level 1 in Transmutations
  2515 | D:6      | Found a glowing golden altar of the Shining One.
  2552 | D:6      | Noticed a steam dragon
  2568 | D:6      | Killed a steam dragon
  2782 | D:7      | Noticed a steam dragon
  2789 | D:7      | Noticed a shadow
  2790 | D:7      | Noticed Antichthon's ghost (novice NaWr)
  2798 | D:7      | Found a transporter.
  2800 | D:7      | Found a transporter.
  2950 | D:7      | Noticed a troll
  3064 | D:7      | Killed a troll
  3065 | D:7      | Reached XP level 8. HP: 19/79 MP: 8/8
  3068 | D:7      | Found a staircase to the Ecumenical Temple.
  3077 | Temple   | Entered the Ecumenical Temple
  3125 | Temple   | Became a worshipper of Ignis, the Dying Flame
  3172 | D:7      | Reached skill level 6 in Unarmed Combat
  3221 | D:7      | Found an iron altar of Okawaru.
  3323 | D:7      | Reached skill level 5 in Fighting
  3395 | D:8      | Noticed Maurice
  3428 | D:8      | Killed Maurice
  3488 | D:8      | Reached XP level 9. HP: 60/88 MP: 9/9
  3538 | D:8      | Found an ornate altar of the Wu Jian Council.
  3562 | D:8      | Reached skill level 7 in Unarmed Combat
  3731 | D:8      | Found a staircase to the Lair.
  3736 | Lair:1   | Entered Level 1 of the Lair of Beasts
  3739 | Lair:1   | Noticed a komodo dragon
  3741 | Lair:1   | Noticed a cane toad
  3750 | Lair:1   | Killed a komodo dragon
  3751 | Lair:1   | Reached skill level 5 in Earth Magic
  3755 | Lair:1   | HP: 1/89 [poisoned by a cane toad]
  3755 | Lair:1   | Noticed a komodo dragon
  3756 | Lair:1   | Succumbed to a cane toad's poison

Illustrated notes

Levels and vault maps discovered:
D:1:      dpeg_arrival_rhombi, layout_basic, minmay_pentomino_z2
D:2:      layout_basic, hellmonk_ecumenical_altar_dog_temple
D:3:      layout_basic, roderic_lattice_a
D:4:      layout_basic, minivault_14
D:5:      layout_loops_corners, tgw_kikubaaqudgha,
          gammafunk_temple_overflow_elements
D:6:      layout_basic, mainiacjoe_overflow_six_doors_small,
          trog_ov_bears_minmay, lemuel_doored_altar,
          hangedman_decor_peaks_small, hangedman_decor_clover_reticule
D:7:      layout_gridville, okawaru_gym_becter, minmay_temple_entry_mist,
          nzn_ghost_randoct
D:8:      kb_forest_paths, layout_basic, general_overflow_altar,
          mainiacjoe_overflow_brackets, grunt_lair_entry_orc_guard_hut,
          uniq_grum, uniq_erica, uniq_maurice, uniq_prince_ribbit1
Temple:   pdpol_scorched_temple
Lair:1:   layout_big_grid, infiniplex_staircase_pool_2

Skill      XL: |  1  2  3  4  5  6  7  8  9 |
---------------+----------------------------+-----
Fighting       | 2 3 4 5 |  5.9
Unarmed Combat | 3 4 5 6 7 |  7.4
Translocations | 3 |  3.5
Earth Magic    | 1 2 4 5 |  5.0
Transmutations | 2 3 4 |  4.1
Throwing       | |  0.8
Dodging        | |  1.9
Spellcasting   | |  1.2

Action                   |  1- 3 |  4- 6 |  7- 9 || total
-------------------------+-------+-------+-------++-------
Melee: Unarmed           |   163 |    75 |   253 ||   491
       Punch             |     4 |     3 |     8 ||    15
 Cast: Apportation       |       |       |     2 ||     2
       Blink             |       |       |     1 ||     1
Invok: Foxfire Swarm     |       |       |     1 ||     1
       Fiery Armour      |       |       |     1 ||     1
Evoke: Wand              |       |       |     6 ||     6
  Use: Scroll            |       |       |     7 ||     7
       Potion            |       |       |     4 ||     4
Armor: Robe              |    79 |    14 |    30 ||   123
       Steam dragon scal |       |       |    31 ||    31
Dodge: Dodged            |    87 |    28 |    85 ||   200
Block: Other             |       |     6 |    53 ||    59
       Reflection        |       |       |     3 ||     3

Table legend: (Time is in decaauts)
 A = Elapsed time spent in this place.
 B = Non-inter-level travel time spent in this place.
 C = Inter-level travel time spent in this place.
 D = Time resting spent in this place.
 E = Time spent auto-exploring this place.
 F = Levels seen in this place.
 G = Mean time per level.
                   A        B        C        D        E       F      G
               +--------+--------+--------+--------+--------+-----+--------+
         Total |   3718 |   3531 |    187 |      0 |      0 |  10 |  371.8 |
       Dungeon |   3639 |   3464 |    175 |      0 |      0 |   8 |  454.9 |
        Temple |     60 |     48 |     12 |      0 |      0 |   1 |   60.0 |
          Lair |     18 |     18 |      0 |      0 |      0 |   1 |   18.0 |
               +--------+--------+--------+--------+--------+-----+--------+

Top non-repeatable levels by time:
     D:5: 624 daAuts
     D:4: 607 daAuts
     D:7: 476 daAuts
     D:1: 419 daAuts
     D:2: 413 daAuts
     D:6: 403 daAuts
     D:8: 401 daAuts
     D:3: 293 daAuts
  Temple: 60 daAuts
  Lair:1: 18 daAuts
